 Dungeon Crawl Stone Soup version 0.23-a0-143-g1adec7bb76 (webtiles) character file.

274398 PikkenKukken the Shatterer (level 20, -3/135 HPs)
             Began as a Gargoyle Gladiator on Sept 3, 2018.
             Was the Champion of Qazlal.
             Killed from afar by a tengu reaver (7 damage)
             ... with a bolt of acid
             ... led by Sojobo
             ... on level 3 of the Vaults.
             The game lasted 01:57:01 (44307 turns).

PikkenKukken the Shatterer (Gargoyle Gladiator)    Turns: 44307, Time: 01:57:01

Health: -3/135     AC: 64    Str: 24    XL:     20   Next: 31%
Magic:  28/28      EV:  9    Int: 16    God:    Qazlal [******]
Gold:   1309       SH: 30    Dex: 21    Spells: 19/19 levels left

rFire    . . .     SeeInvis .   J - +3 eveningstar (drain)
rCold    . . .     Gourm    .   p - +2 shield
rNeg     + . .     Faith    .   s - +7 crystal plate armour
rPois    ∞         Spirit   .   d - +2 helmet
rElec    +         Reflect  +   e - +2 cloak {MR+}
rCorr    .         Harm     .   j - +1 pair of gloves "Josk" {Int+3 Dex+4}
MR       +++..                  K - +2 pair of boots {run}
Stlth    ..........             W - +5 amulet of reflection
HPRegen  0.32/turn              w - +5 ring of dexterity
MPRegen  0.21/turn              l - ring of protection from magic

@: protected from physical damage, very slightly contaminated, repel missiles,
quick
A: big wings, rugged brown scales 1, clever 1, negative energy resistance 1,
electricity resistance, unbreathing, petrification resistance, rot immunity, AC
+15
}: 2/15 runes: decaying, serpentine
a: Fly, Upheaval, Elemental Force, Disaster Area, Renounce Religion


You were on level 3 of the Vaults.
You worshipped Qazlal.
Qazlal was exalted by your worship.
You were full.

You visited 6 branches of the dungeon, and saw 34 of its levels.
You also visited: Ice Cave.

You collected 3353 gold pieces.
You spent 2044 gold pieces at shops.

Inventory:

Hand Weapons
 b - a +2 hand crossbow of freezing
 A - a +1 morningstar of holy wrath
 J - a +3 eveningstar of draining (weapon)
Missiles
 i - 6 throwing nets (quivered)
 t - 515 bolts
Armour
 d - a +2 helmet (worn)
 e - a +2 cloak of magic resistance (worn)
 j - the +1 pair of gloves "Josk" (worn) {Int+3 Dex+4}
   (You acquired it on level 2 of the Vaults)

   It affects your intelligence (+3).
   It affects your dexterity (+4).
 p - a +2 shield (worn)
 s - a +7 crystal plate armour (worn)
 K - a +2 pair of boots of running (worn)
Jewellery
 a - an uncursed amulet of regeneration
 l - a ring of protection from magic (right hand)
 w - a +5 ring of dexterity (left hand)
 y - an uncursed ring of positive energy
 E - an uncursed ring of protection from cold
 W - a +5 amulet of reflection (around neck)
Wands
 c - a wand of paralysis (17)
 M - a wand of flame (82)
 N - a wand of iceblast (7)
 P - a wand of clouds (4)
 Q - a wand of acid (26)
 V - a wand of digging (19)
Scrolls
 h - 11 scrolls of teleportation
 m - 6 scrolls of magic mapping
 r - 2 scrolls of enchant weapon
 u - 4 scrolls of amnesia
 C - a scroll of blinking
 F - 9 scrolls of remove curse
 O - 2 scrolls of fear
 S - 10 scrolls of identify
 T - 2 scrolls of fog
Potions
 g - 6 potions of curing
 k - a potion of resistance
 o - 2 potions of haste
 q - 2 potions of might
 v - 2 potions of berserk rage
 x - 4 potions of agility
 z - 2 potions of ambrosia
 D - a potion of magic
 G - 2 potions of brilliance
 H - a potion of mutation
 L - 2 potions of invisibility
Comestibles
 f - 51 rations
 n - 2 chunks of flesh


   Skills:
 + Level 16.4 Fighting
 * Level 21.4 Maces & Flails
 - Level 8.3 Crossbows
 - Level 2.1 Throwing
 + Level 16.1 Armour
 - Level 5.1 Dodging
 + Level 14.3 Shields
 - Level 10.9 Invocations
 - Level 5.0 Evocations


You had 19 spell levels left.
You didn't know any spells.
Your spell library contained the following spells:

 Spells                   Type           Power        Failure   Level  Hunger
 Beastly Appendage        Tmut           #.....       100%        1    ##.....
 Corona                   Hex            #......      100%        1    ##.....
 Freeze                   Ice            #...         100%        1    ##.....
 Infusion                 Chrm           #...         100%        1    ##.....
 Magic Dart               Conj           #...         100%        1    ##.....
 Blink                    Tloc           N/A          100%        2    ###....
 Call Imp                 Summ           #.......     100%        2    ###....
 Ensorcelled Hibernation  Hex/Ice        #.....       100%        2    ###....
 Poisonous Vapours        Pois/Air       #.....       100%        2    ###....
 Shroud of Golubria       Chrm/Tloc      #.........   100%        2    ###....
 Slow                     Hex            #.......     100%        2    ###....
 Sticks to Snakes         Tmut           #.......     100%        2    ###....
 Throw Frost              Conj/Ice       #.....       100%        2    ###....
 Confuse                  Hex            #.......     100%        3    ####...
 Conjure Flame            Conj/Fire      #.......     100%        3    ####...
 Dazzling Spray           Conj/Hex       #.....       100%        3    ####...
 Gell's Gravitas          Tloc           #.........   100%        3    ####...
 Inner Flame              Hex/Fire       #.......     100%        3    ####...
 Lesser Beckoning         Tloc           #.........   100%        3    ####...
 Mephitic Cloud           Conj/Pois/Air  #.......     100%        3    ####...
 Ozocubu's Armour         Chrm/Ice       #.......     100%        3    ####...
 Portal Projectile        Hex/Tloc       #.....       100%        3    ####...
 Spider Form              Tmut/Pois      #.........   100%        3    ####...
 Teleport Other           Tloc           #.......     100%        3    ####...
 Tukima's Dance           Hex            #.......     100%        3    ####...
 Cause Fear               Hex            #.........   100%        4    #####..
 Ice Form                 Ice/Tmut       #.......     100%        4    #####..
 Leda's Liquefaction      Hex/Erth       #.........   100%        4    #####..
 Passage of Golubria      Tloc           N/A          100%        4    #####..
 Summon Ice Beast         Ice/Summ       #.......     100%        4    #####..
 Throw Icicle             Conj/Ice       #.......     100%        4    #####..
 Blade Hands              Tmut           #.........   100%        5    ######.
 Irradiate                Conj/Tmut      #.........   100%        5    ######.
 Metabolic Englaciation   Hex/Ice        #.........   100%        5    ######.
 Bolt of Cold             Conj/Ice       #.........   100%        6    #######
 Freezing Cloud           Conj/Ice/Air   #.........   100%        6    #######
 Hydra Form               Tmut           #.........   100%        6    #######
 Ozocubu's Refrigeration  Ice            #.........   100%        6    #######
 Simulacrum               Ice/Necr       #.........   100%        6    #######
 Dragon Form              Tmut           #.........   100%        7    #######
 Ring of Flames           Chrm/Fire      #.........   100%        7    #######
 Statue Form              Tmut/Erth      Unusable     N/A         6    N/A

Dungeon Overview and Level Annotations

Branches:
Dungeon (15/15)            Temple (0/1) D:7            Lair (6/6) D:10
  Swamp (4/4) Lair:4        Snake (4/4) Lair:2        Slime (0/5) Lair:5
    Orc (2/2) D:12            Elf (0/3) Orc:2        Vaults (3/5) D:14
  Crypt (0/3) Vaults:2     Depths (0/5) D:15

Altars:
Cheibriados
Dithmenos
Elyvilon
Fedhas
Kikubaaqudgha
Makhleb
Okawaru
Qazlal
Ru
Sif Muna
Trog
Vehumet
Wu Jian
Yredelemnul
Zin
The Shining One

Shops:
D:11 }   D:15 !   Orc:2 }[%[   Vaults:1 (   Vaults:2 [

Portals:
Trove: D:15 (give 6 scrolls of blinking)

Annotations:
D:3 1 runed door
Lair:2 exclusion: 2 oklob plants
Snake:1 2 transporters, P0WERM0DE's ghost, journeyman DDFi
Vaults:2 Mara
Vaults:3 Sojobo


Innate Abilities, Weirdness & Mutations

You are resistant to torment.
Your stone body is resilient. (AC +15)
You are immune to poison.
Your large and strong wings let you fly indefinitely.
You resist negative energy. (rN+)
You are resistant to electric shocks. (rElec)
You can survive without breathing.
You are immune to petrification.
You are immune to rotting.
You are partially covered in rugged brown scales. (AC +1, +3% HP)
Your mind is acute. (Int +2)


Message History

* * * LOW HITPOINT WARNING * * *
You are splashed with acid!
The acid burns!
* * * LOW HITPOINT WARNING * * *
The battlesphere fires!
The barrage of energy hits you!
The battlesphere is engulfed in freezing vapours.
Unknown command.
Okay, then.
Blink to where?
Press: ? - help, Dir - move target cursor You are very lightly contaminated with residual magic.
As you read the scroll of blinking, it crumbles to dust.
The battlesphere is engulfed in freezing vapours.
Sojobo casts a spell.
The battlesphere is engulfed in freezing vapours.
The battlesphere is engulfed in freezing vapours.
A vortex of raging winds appears around the air elemental!
You block the hell knight's attack.
The tengu reaver points at you and mumbles some strange words.
The bolt of acid hits you!
You die...

#..........#
#....>.....# #....#
#.....>....# #....#
#..........# #....#
#..........#
#....#######'#########
#....#.§§....#
#....#.......#
#....#.§.@...########
#....#Q§§§...#...EQ.#
#E..§E*p.....'...)QE#
#.Q.Q#.......#[..pEQ#
#....#.......#...<..#
#....#.......#......#
#§...#########......#
#....# ######## #....#


You could see Sojobo, 2 tengu reavers, a hell knight, an air elemental and a
battlesphere.

Vanquished Creatures
  Margery (Vaults:3)
  Nikola (Snake:1)
  Jory (Vaults:2)
  Frances (Snake:1)
  2 thorn hunters
  Gastronok (D:9)
  Agnes (Snake:3)
  Kirke (Swamp:1)
  A revenant (Vaults:2)
  4 nagarajas
  A frost giant (D:15)
  A vault warden (Vaults:1)
  2 very ugly things
  A reaper (IceCv)
  4 ironheart preservers
  Nessos (D:14)
  A stone giant (Vaults:2)
  An entropy weaver (Vaults:1)
  3 vampire knights
  2 ettins (Vaults:2)
  3 fire dragons
  3 rakshasas
  20 naga warriors
  A yaktaur captain (Vaults:2)
  2 vault guards (Vaults:1)
  24 hydras
  A ghost crab (Swamp:4)
  Erica (Lair:2)
  3 centaur warriors
  11 two-headed ogres
  5 catoblepae
  5 anacondas
  A deep troll shaman (Vaults:2)
  8 death yaks (Lair:6)
  16 alligators
  3 ogre magi
  Urug (Lair:2)
  A vampire mage (Vaults:2)
  2 death knights
  9 shock serpents
  A deep troll earth mage (Vaults:2)
  8 naga sharpshooters
  3 orc high priests (Orc:2)
  2 deep elf knights
  2 hell knights
  3 salamander mystics
  4 unseen horrors
  6 deep trolls (Vaults:2)
  2 spriggan druids
  A death drake (shapeshifter) (Vaults:2)
  2 skeletal warriors
  4 wizards
  4 naga ritualists
  Pikel (D:8)
  2 shambling mangroves
  A swamp dragon (shapeshifter) (Vaults:2)
  2 phantasmal warriors (Vaults:1)
  13 orc knights
  A harpy (shapeshifter) (Vaults:1)
  10 ironbrand convokers
  3 harpies (Vaults:2)
  10 swamp dragons
  A lindwurm (Lair:2)
  2 deep elf archers (Vaults:1)
  5 orc sorcerers
  2 mana vipers (Snake:2)
  3 manticores
  11 deep elf magi
  16 ugly things
  3 wolf spiders (Vaults:1)
  A salamander (shapeshifter) (Vaults:1)
  7 cyclopes
  18 salamanders
  2 elephants (Lair:2)
  2 centaur zombies
  Joseph (D:8)
  2 ice statues (IceCv)
  8 vault sentinels
  26 naga magi
  4 guardian serpents
  2 gargoyles
  26 black mambas
  23 spiny frogs
  A kobold demonologist (D:14)
  8 komodo dragons
  2 rime drakes
  6 yaktaurs
  3 freezing wraiths
  8 ice devils (IceCv)
  8 trolls
  A queen bee (shapeshifter) (D:14)
  6 hornets
  6 tyrant leeches
  A troll (shapeshifter) (D:13)
  20 bog bodies
  A queen bee (Orc:1)
  A polar bear (Lair:6)
  19 blink frogs
  45 slime creatures
  A frost giant simulacrum (Vaults:2)
  9 hippogriffs
  A meliai zombie (D:10)
  A flying skull (Vaults:2)
  3 shadows
  9 spriggans
  3 vampires
  7 wraiths
  A wyvern (shapeshifter) (Vaults:1)
  72 yaks
  2 basilisks
  Eustachio (D:4)
  Grum (D:9)
  3 hungry ghosts
  4 wyverns
  33 vampire mosquitoes
  2 wargs
  28 insubstantial wisps
  37 nagas
  5 acid dragons
  13 swamp worms
  Duvessa (D:4)
  10 water moccasins
  18 porcupines
  A hornet zombie (D:15)
  31 orc warriors
  A sky beast (D:9)
  14 swamp drakes
  3 phantoms
  3 ice beasts
  3 eyes of draining
  12 wolves
  7 centaurs
  22 ogres
  3 boggarts (Vaults:2)
  4 crocodiles
  17 bullfrogs
  3 big kobolds (D:14)
  Dowan (D:4)
  A wyvern skeleton (D:6)
  2 scorpions
  5 wights (D:14)
  42 killer bees
  7 jellies
  6 howler monkeys
  6 bullfrog zombies
  10 crimson imps
  2 quasits
  2 hounds
  14 orc priests
  7 centaur skeletons
  Jessica (D:2)
  3 iguanas
  6 worker ants
  25 orc wizards
  A hound zombie (D:10)
  2 hound skeletons
  Robin (D:1)
  A worker ant zombie (D:8)
  24 gnolls
  12 adders
  2 shadow imps
  6 white imps (IceCv)
  9 ufetubi (IceCv)
  8 oozes (D:4)
  3 adder zombies
  An adder skeleton (D:6)
  3 dart slugs
  6 leopard geckos
  91 orcs
  8 bats
  6 giant cockroaches
  18 goblins
  7 hobgoblins
  6 jackals
  A quokka (D:12)
  3 ball pythons
  5 frilled lizards
  15 kobolds
  A leopard gecko skeleton (D:8)
  8 rats
1314 creatures vanquished.

Vanquished Creatures (others)
  An alligator (Swamp:2)
  4 naga sharpshooters (Snake:4)
  A hell knight (Vaults:3)
  2 deep elf archers
  A manticore (D:13)
  2 naga magi (Snake:4)
  A vault sentinel (Vaults:1)
  3 yaktaurs
  2 humans (Swamp:3)
  A vampire mosquito (Swamp:2)
  A naga (Snake:1)
  A swamp worm (Swamp:1)
  5 white imps (IceCv)
  A briar patch (Swamp:2)
  A bush (Swamp:4)
  14 fungi
  9 plants
  13 toadstools
63 creatures vanquished.

Grand Total: 1377 creatures vanquished

Notes
Turn   | Place    | Note
-------+----------+-------------------------------------------
     0 | D:1      | PikkenKukken the Gargoyle Gladiator began the quest for the
                  | Orb.
     0 | D:1      | Reached XP level 1. HP: 12/12 MP: 1/1
     0 | D:1      | Noticed a ghoul
     0 | D:1      | Noticed a ghoul
     3 | D:1      | Noticed a human
     3 | D:1      | Noticed a vampire
     6 | D:1      | Noticed a felid
    10 | D:1      | Noticed an ogre
    14 | D:1      | Noticed a minotaur skeleton
    16 | D:1      | Noticed a naga
    20 | D:1      | Noticed a minotaur skeleton
    38 | D:1      | Reached XP level 2. HP: 12/18 MP: 2/2
   483 | D:1      | Reached skill level 1 in Armour
   537 | D:1      | Reached XP level 3. HP: 20/22 MP: 3/3
   960 | D:2      | Noticed Robin
   969 | D:2      | Found a glowing silver altar of Zin.
  1036 | D:2      | Noticed Jessica
  1060 | D:2      | Killed Jessica
  1060 | D:2      | Reached XP level 4. HP: 21/27 MP: 4/4
  1535 | D:1      | Killed Robin
  1662 | D:2      | Found a glowing golden altar of the Shining One.
  1937 | D:2      | Reached skill level 4 in Maces & Flails
  1937 | D:2      | Reached XP level 5. HP: 17/32 MP: 5/5
  2712 | D:3      | Found a glowing golden altar of the Shining One.
  2712 | D:3      | Noticed an angel
  2713 | D:3      | Found a runed door.
  2789 | D:3      | Found an iron altar of Okawaru.
  2796 | D:3      | Found a shadowy altar of Dithmenos.
  2801 | D:3      | Found a burning altar of Makhleb.
  2812 | D:3      | Found a basalt altar of Yredelemnul.
  2834 | D:3      | Found a white marble altar of Elyvilon.
  2839 | D:3      | Found a snail-covered altar of Cheibriados.
  2846 | D:3      | Found a stormy altar of Qazlal.
  2850 | D:3      | Became a worshipper of Qazlal Stormbringer
  3135 | D:4      | Noticed Eustachio
  3458 | D:4      | Killed Eustachio
  3458 | D:4      | Reached XP level 6. HP: 29/38 MP: 6/6
  3567 | D:4      | Noticed Dowan
  3568 | D:4      | Noticed Duvessa
  3618 | D:4      | Reached skill level 5 in Maces & Flails
  3677 | D:4      | Killed Duvessa
  3677 | D:4      | Reached XP level 7. HP: 28/43 MP: 7/7
  3714 | D:4      | Killed Dowan
  4270 | D:4      | Found an ancient bone altar of Kikubaaqudgha.
  4270 | D:4      | Found a deep blue altar of Sif Muna.
  4272 | D:4      | Found a radiant altar of Vehumet.
  4276 | D:4      | Identified Sif Muna's Papyrus of Aid
  4369 | D:4      | Reached * piety under Qazlal
  4719 | D:5      | Entered Level 5 of the Dungeon
  4770 | D:5      | Found an iron altar of Okawaru.
  4882 | D:5      | Reached skill level 6 in Maces & Flails
  5015 | D:5      | Reached skill level 1 in Crossbows
  5015 | D:5      | Reached XP level 8. HP: 38/48 MP: 8/8
  5374 | D:4      | Reached skill level 5 in Fighting
  5782 | D:5      | Found a sacrificial altar of Ru.
  6330 | D:6      | Reached ** piety under Qazlal
  6504 | D:6      | Reached skill level 7 in Maces & Flails
  6716 | D:7      | Reached XP level 9. HP: 55/55 MP: 9/9
  6748 | D:7      | Found a staircase to the Ecumenical Temple.
  6811 | D:7      | Found an iron altar of Okawaru.
  6981 | D:7      | Reached skill level 5 in Armour
  7355 | D:7      | Reached skill level 1 in Invocations
  7795 | D:8      | Reached *** piety under Qazlal
  7804 | D:8      | Noticed Pikel
  7811 | D:8      | Killed Pikel
  7811 | D:8      | Reached skill level 8 in Maces & Flails
  7811 | D:8      | Reached skill level 1 in Evocations
  7861 | D:8      | Noticed a two-headed ogre
  7875 | D:8      | Killed a two-headed ogre
  7875 | D:8      | Reached skill level 5 in Dodging
  8208 | D:8      | Noticed Joseph
  8214 | D:8      | Killed Joseph
  8214 | D:8      | Reached XP level 10. HP: 61/61 MP: 12/12
  8888 | D:9      | Reached skill level 9 in Maces & Flails
  9177 | D:9      | Noticed Grum
  9192 | D:9      | Killed Grum
  9760 | D:9      | Noticed Gastronok
  9772 | D:9      | Killed Gastronok
  9772 | D:9      | Reached skill level 10 in Maces & Flails
  9772 | D:9      | Reached skill level 5 in Crossbows
  9772 | D:9      | Reached skill level 5 in Invocations
  9772 | D:9      | Reached XP level 11. HP: 46/68 MP: 14/14
 10207 | D:9      | Found a bloodstained altar of Trog.
 10347 | D:10     | Entered Level 10 of the Dungeon
 10595 | D:10     | Reached **** piety under Qazlal
 10667 | D:10     | Noticed a two-headed ogre
 10679 | D:10     | Killed a two-headed ogre
 10730 | D:10     | Noticed a two-headed ogre
 10737 | D:10     | Killed a two-headed ogre
 10813 | D:10     | Found a staircase to the Lair.
 11223 | Lair:1   | Entered Level 1 of the Lair of Beasts
 11223 | Lair:1   | Found a labyrinth entrance.
 11380 | D:10     | Reached XP level 12. HP: 41/75 MP: 16/16
 11538 | Lair:1   | Reached skill level 11 in Maces & Flails
 11538 | Lair:1   | Reached skill level 5 in Evocations
 12339 | Lair:2   | Noticed a five-headed hydra
 12344 | Lair:2   | Killed a five-headed hydra
 12344 | Lair:2   | Reached skill level 1 in Shields
 12394 | Lair:2   | Noticed a four-headed hydra
 12417 | Lair:2   | Killed a four-headed hydra
 12435 | Lair:2   | Noticed Urug
 12452 | Lair:2   | Killed Urug
 12709 | Lair:2   | Noticed Erica
 12817 | Lair:2   | Killed Erica
 12928 | Lair:2   | Found a runed door.
 13061 | Lair:2   | Found a staircase to the Snake Pit.
 13475 | Lair:3   | Reached skill level 12 in Maces & Flails
 13729 | Lair:3   | Reached ***** piety under Qazlal
 13729 | Lair:3   | Reached XP level 13. HP: 77/80 MP: 18/18
 13835 | Lair:3   | Found a transporter.
 14053 | Lair:3   | Found a transporter.
 14682 | Lair:4   | Reached skill level 10 in Fighting
 14895 | Lair:4   | Found a staircase to the Swamp.
 15578 | Lair:5   | You fall through a shaft!
 15578 | Lair:6   | Entered Level 6 of the Lair of Beasts
 15920 | Lair:5   | Found a staircase to the Slime Pits.
 16492 | D:11     | Found Naadiem's Gadget Shop.
 16507 | D:11     | Reached skill level 5 in Shields
 16572 | D:11     | Reached skill level 10 in Armour
 16960 | D:11     | Reached skill level 13 in Maces & Flails
 17505 | D:12     | Found a shadowy altar of Dithmenos.
 17650 | D:12     | Gained mutation: Your large and strong wings let you fly
                  | indefinitely. [Gargoyle growth]
 17650 | D:12     | Reached XP level 14. HP: 85/88 MP: 18/20
 17726 | D:12     | Found an ornate altar of the Wu Jian Council.
 17764 | D:12     | Reached ****** piety under Qazlal
 17873 | D:12     | Found a staircase to the Orcish Mines.
 18334 | Orc:1    | Entered Level 1 of the Orcish Mines
 18358 | Orc:1    | Paralysed by an orc sorcerer for 6 turns
 19623 | Lair:6   | Reached skill level 14 in Maces & Flails
 20904 | Orc:2    | Entered Level 2 of the Orcish Mines
 21309 | Orc:2    | Found a staircase to the Elven Halls.
 21640 | Orc:2    | Reached skill level 10 in Invocations
 21771 | Orc:1    | Reached XP level 15. HP: 53/95 MP: 14/22
 22093 | Orc:2    | Paralysed by an orc sorcerer for 2 turns
 22221 | Orc:2    | Found Fan Piod's Antique Armour Emporium.
 22221 | Orc:2    | Found Ulaonur's Gadget Emporium.
 22222 | Orc:2    | Found Comoul's Armour Shop.
 22227 | Orc:2    | Found Dobai's Food Shop.
 22478 | Swamp:1  | Entered Level 1 of the Swamp
 24698 | Swamp:2  | Reached skill level 15 in Maces & Flails
 25044 | Swamp:2  | Noticed a thorn hunter
 25075 | Swamp:1  | Killed a thorn hunter
 27007 | Swamp:1  | Reached XP level 16. HP: 94/103 MP: 22/24
 27052 | Swamp:3  | Noticed Kirke
 27508 | Swamp:1  | Killed Kirke
 28622 | Snake:1  | Entered Level 1 of the Snake Pit
 28632 | Snake:1  | Noticed Frances
 28735 | Snake:1  | Killed Frances
 28777 | Snake:1  | Reached skill level 16 in Maces & Flails
 28848 | Snake:1  | Identified a scroll of acquirement
 28877 | Snake:1  | Noticed P0WERM0DE's ghost (journeyman DDFi)
 28886 | Snake:1  | Found a transporter.
 28889 | Snake:1  | Found a transporter.
 29021 | Lair:3   | Reached skill level 10 in Shields
 29048 | Lair:3   | Identified a +2 pair of boots of running (You found it on
                  | level 3 of the Lair of Beasts)
 29292 | Snake:1  | Noticed Nikola
 29307 | Snake:1  | Killed Nikola
 31423 | Snake:2  | Reached XP level 17. HP: 96/109 MP: 21/25
 31804 | Snake:3  | Reached skill level 17 in Maces & Flails
 32341 | Swamp:4  | Entered Level 4 of the Swamp
 33154 | Swamp:4  | Reached skill level 18 in Maces & Flails
 33543 | Swamp:4  | Got a decaying rune of Zot
 34167 | Snake:4  | Entered Level 4 of the Snake Pit
 34410 | Snake:4  | Noticed Agnes
 34430 | Snake:3  | Killed Agnes
 34430 | Snake:3  | Reached XP level 18. HP: 68/117 MP: 17/26
 34748 | Snake:4  | Reached skill level 19 in Maces & Flails
 35651 | Snake:4  | Got a serpentine rune of Zot
 35934 | Snake:4  | Found a blossoming altar of Fedhas.
 36268 | D:13     | Reached skill level 15 in Fighting
 36272 | D:13     | Found a frozen archway.
 36280 | IceCv    | Entered an ice cave
 37439 | D:14     | Noticed Nessos
 37445 | D:14     | Killed Nessos
 37644 | D:14     | Reached skill level 20 in Maces & Flails
 38129 | D:14     | Found a gate to the Vaults.
 38134 | Vaults:1 | Entered Level 1 of the Vaults
 38209 | Vaults:1 | Reached skill level 15 in Armour
 38400 | Vaults:1 | Reached XP level 19. HP: 124/124 MP: 27/27
 39191 | Vaults:1 | Found Herif's Antique Weapon Emporium.
 39357 | Vaults:1 | Got an ichor-stained scale mail
 39368 | Vaults:1 | Identified the cursed +1 scale mail of Card Tricks {rPois
                  | rC+++ Dex-3 Stlth+} (You found it on level 1 of the Vaults)
 39627 | Vaults:2 | Found a staircase to the Crypt.
 39891 | Vaults:2 | Noticed Jory
 40235 | D:15     | Entered Level 15 of the Dungeon
 40600 | D:15     | Found the +12 Vampire's Tooth {vamp}
 40724 | D:15     | Found Fewk's Distillery.
 40732 | D:15     | Bought a potion of mutation for 112 gold pieces
 40732 | D:15     | Bought a potion of might for 56 gold pieces
 40732 | D:15     | Bought a potion of might for 56 gold pieces
 40732 | D:15     | Bought a potion of berserk rage for 70 gold pieces
 40732 | D:15     | Bought a potion of heal wounds for 70 gold pieces
 40732 | D:15     | Gained mutation: Your mind is acute. (Int +2) [potion of
                  | mutation]
 40732 | D:15     | Gained mutation: You are partially covered in rugged brown
                  | scales. (AC +1, +3% HP) [potion of mutation]
 40782 | D:15     | Found a portal to a secret trove of treasure.
 41464 | D:15     | Found a staircase to the Depths.
 41850 | Vaults:2 | Reached skill level 21 in Maces & Flails
 42117 | Vaults:2 | Got a pair of transparent gloves
 42128 | Vaults:2 | Identified the +1 pair of gloves "Josk" {Int+3 Dex+4} (You
                  | acquired it on level 2 of the Vaults)
 42157 | Vaults:2 | Found Bene's Armour Boutique.
 42161 | Vaults:2 | Noticed Mara
 42172 | Vaults:2 | Noticed PikkenKukken's illusion
 42322 | Vaults:2 | Killed Jory
 42331 | Vaults:2 | Reached XP level 20. HP: 84/134 MP: 28/28
 43079 | Vaults:2 | Noticed PikkenKukken's illusion
 43771 | Vaults:2 | Bought a +0 crystal plate armour for 1680 gold pieces
 43927 | Vaults:3 | Noticed Sojobo
 43934 | Vaults:3 | Noticed Margery
 44267 | Vaults:3 | Killed Margery
 44305 | Vaults:3 | HP: 4/135 [acid[Sojobo] (13)]
 44307 | Vaults:3 | Killed from afar by a tengu reaver

Vault maps used:
D:1:      shiori_arrival_whats_in_store_for_you, fountainhead
D:2:      grunt_temple_overflow_open, uniq_jessica, uniq_robin
D:3:      kennysheep_the_goblin_king, grunt_temple_overflow_octagram,
          lemuel_angel_altar
D:4:      cheibrodos_fertilizer, grunt_temple_overflow_magic_moments,
          corexii_item_surrounded_by_moat, uniq_duvessa, uniq_eustachio
D:5:      nicolae_overflow_hidden_temple, first_ration,
          okawaru_ov_weapons_minmay
D:7:      minmay_temple_entry_crystal_x, basic_altar
D:8:      uniq_joseph, uniq_pikel
D:9:      lightli_temple_of_fire, uniq_gastronok, uniq_grum
D:10:     lair_entry_dummy
D:11:     serial_shops, shop
D:12:     hiddenorc1_lemuel, basic_altar, the_bakery,
          grunt_dithmenos_smoke_and_mirrors
D:13:     portal_ice_cave_entry_pillars_1, minmay_misc_feat_columns
D:14:     hangedman_vaults_entry_quadrant_bands, nrook_uturn,
          minmay_misc_feat_plants, minivault_26, uniq_nessos
D:15:     grunt_enter_depths_snipers, serial_shops, shop, nicolae_sextant,
          enter_trove_1, minmay_guarded_unrand_vampires_tooth
Lair:1:   lab_entry_generic, minivault_25
Lair:2:   gammafunk_lair_enchanted_lake, grunt_megastairs_3,
          serial_bayou_shore_b, lemuel_fruit_fields,
          infiniplex_staircase_pool_2, minmay_lair_oklob_chamber,
          serial_bayou_shore_b, uniq_erica, uniq_urug
Lair:3:   gammafunk_cloud_chamber, beast_lair_carwin_1
Lair:4:   minmay_swamp_entry_swarm, infiniplex_staircase_pool,
          serial_bayou_shore_b, lemuel_fruit_tree
Lair:5:   minmay_slime_entry_pillars, hangedman_lair_unloving_vines,
          kennysheep_catoblepas_arena
Lair:6:   evilmike_catoblepas_cave
Swamp:1:  evilmike_swamp_ruin_house_1, hangedman_swamp_pad
Swamp:2:  hangedman_swamp_lotus, swamp_pool4
Swamp:3:  nicolae_swamp_treefoil, uniq_kirke
Swamp:4:  grunt_swamp_rune_castle
Snake:1:  gammafunk_ghost_arena, uniq_frances, uniq_nikola
Snake:4:  snake_pit, basic_altar, hangedman_snake_pattern, uniq_agnes
Orc:1:    special_room
Orc:2:    st_orc_elflike
Vaults:1: nicolae_vaults_network_s, ontoclasm_vaults_claustrophobia,
          vaults_dpeg_spiral, v_pattern_5, vaults_room_boxed,
          grunt_vaults_focal, ontoclasm_vaults_tryst, vaults_room_door_ring,
          nicolae_vaults_ring_of_whatevers, nicolae_vaults_ring_of_whatevers,
          nicolae_vaults_yaktaur_gun_rack, hangedman_vaults_river_flow,
          serial_shops, shop_fountains
Vaults:2: minmay_crypt_entry_simple_sparse, ontoclasm_vaults_loading_screen,
          grunt_vaults_hallway_short, hangedman_vaults_stream,
          nicolae_vaults_know_your_exits, v_misc_8, hangedman_vaults_corner,
          hangedman_vaults_hat, v_pattern_4, nicolae_vaults_asterisk,
          ontoclasm_vaults_bender, vaults_dpeg_encased_lava,
          dpeg_vaults_monster_box, vaults_room_corners, uniq_mara, uniq_jory
Vaults:3: hangedman_vaults_capsules, nicolae_vaults_shelves_hall,
          nicolae_vaults_specimen_jars, nicolae_vaults_big_ls,
          hangedman_vaults_maws, v_rooms_4, serial_shops, shop, uniq_margery,
          uniq_saint_roka, uniq_sojobo
IceCv:    ice_cave_small_demon

Skill      XL: |  1  2  3  4  5  6  7  8  9 10 11 12 13 14 15 16 17 18 19 20 |
---------------+-------------------------------------------------------------+-----
Throwing       | 2 |  2.1
Armour         | 1 2 3 4 5 7 8 9 10 11 12 13 14 15 16 | 16.1
Fighting       | 3 4 5 6 7 8 9 10 11 12 13 14 15 16 | 16.4
Maces & Flails | 4 5 6 7 8 10 12 13 14 15 16 18 20 21 | 21.4
Dodging        | 3 4 5 |  5.1
Crossbows      | 1 2 4 5 6 7 8 |  8.3
Invocations    | 3 5 6 7 8 10 | 10.9
Evocations     | 2 3 4 5 |  5.0
Shields        | 3 5 7 9 10 11 13 14 | 14.3

Action                   |  1- 3 |  4- 6 |  7- 9 | 10-12 | 13-15 | 16-18 | 19-21 || total
-------------------------+-------+-------+-------+-------+-------+-------+-------++-------
Melee: Flail             |   111 |   238 |   436 |   413 |  1491 |   241 |       ||  2930
       Whip              |       |       |    31 |   145 |       |       |       ||   176
       Eveningstar       |       |       |       |       |       |  1422 |   968 ||  2390
       Unarmed           |       |       |       |       |       |    23 |       ||    23
 Fire: Hand crossbow     |       |       |     9 |   221 |   309 |     4 |       ||   543
Throw: Javelin           |       |     9 |    13 |       |       |       |       ||    22
       Throwing net      |       |     5 |       |       |       |       |       ||     5
Invok: Upheaval          |       |       |       |     3 |     1 |     4 |     1 ||     9
       Disaster Area     |       |       |       |       |     1 |       |       ||     1
       Elemental Force   |       |       |       |       |     1 |       |       ||     1
 Abil: Fly               |       |       |       |       |     1 |       |       ||     1
       Stop Flying       |       |       |       |       |       |       |     1 ||     1
  Use: Scroll            |     5 |     4 |    11 |     5 |     8 |    14 |    18 ||    65
       Potion            |       |     1 |     3 |     2 |     2 |     1 |     6 ||    15
 Stab: Sleeping          |     2 |       |       |       |       |       |       ||     2
       Held in net/web   |       |     1 |       |       |       |       |       ||     1
       Petrified         |       |       |       |       |       |     5 |       ||     5
  Eat: Chunk             |     1 |     6 |    11 |    15 |    52 |    19 |    17 ||   121
       Ration            |       |     1 |     1 |     2 |       |     4 |     2 ||    10
Armor: Leather armour    |    69 |    62 |       |       |       |       |       ||   131
       Scale mail        |       |    79 |     6 |       |       |       |       ||    85
       Chain mail        |       |       |   296 |   347 |   818 |   749 |   171 ||  2381
       Skin              |       |       |     1 |       |       |       |       ||     1
       Crystal plate arm |       |       |       |       |       |       |    68 ||    68
       Plate armour      |       |       |       |       |       |       |    36 ||    36
Dodge: Dodged            |   101 |   191 |   202 |   219 |   494 |   429 |   115 ||  1751
       Deflected         |       |       |       |     3 |    15 |    61 |     2 ||    81
Block: Other             |       |       |    32 |    56 |       |     8 |       ||    96
       Buckler           |       |       |       |    82 |  1184 |   406 |       ||  1672
       Shield            |       |       |       |       |       |  1715 |   895 ||  2610
       Reflection        |       |       |       |       |       |   130 |    37 ||   167

Table legend:
 A = Non-vault XP
 B = Vault XP
 C = Vault XP percentage of total XP
 D = Non-vault monster count
 E = Vault monster count
 F = Vault count percentage of total count
                 A         B        C        D         E       F
            +---------+---------+-------+---------+---------+-------
      Total |  259073 |  169423 |  39.5 |     945 |     384 |  28.9
            +---------+---------+-------+---------+---------+-------
        D:1 |      58 |      25 |  30.1 |      34 |       6 |  15.0
        D:2 |      54 |      60 |  52.6 |      10 |      13 |  56.5
        D:3 |      73 |       2 |   2.7 |      17 |       1 |   5.6
        D:4 |     418 |     542 |  56.5 |      17 |      20 |  54.1
        D:5 |     302 |       0 |   0.0 |      13 |       0 |   0.0
        D:6 |     762 |       0 |   0.0 |      31 |       0 |   0.0
        D:7 |     460 |       0 |   0.0 |      16 |       0 |   0.0
        D:8 |    2081 |    1145 |  35.5 |      22 |       2 |   8.3
        D:9 |    1893 |    2652 |  58.3 |      22 |       5 |  18.5
       D:10 |    7875 |       0 |   0.0 |      61 |       0 |   0.0
       D:11 |    6314 |       0 |   0.0 |      45 |       0 |   0.0
       D:12 |    6903 |     395 |   5.4 |      24 |      17 |  41.5
       D:13 |    5448 |       3 |   0.1 |      31 |       1 |   3.1
       D:14 |    3942 |    8322 |  67.9 |      20 |      17 |  45.9
       D:15 |   11024 |    7014 |  38.9 |      27 |      11 |  28.9
     Lair:1 |    3313 |       0 |   0.0 |      15 |       0 |   0.0
     Lair:2 |    4582 |    8084 |  63.8 |      20 |      15 |  42.9
     Lair:3 |    4386 |    4005 |  47.7 |      20 |      13 |  39.4
     Lair:4 |    6873 |     859 |  11.1 |      25 |       5 |  16.7
     Lair:5 |    4554 |     350 |   7.1 |      17 |       3 |  15.0
     Lair:6 |    3764 |   12829 |  77.3 |      14 |      23 |  62.2
    Swamp:1 |   20516 |    2068 |   9.2 |      48 |       1 |   2.0
    Swamp:2 |   18243 |       0 |   0.0 |      55 |       0 |   0.0
    Swamp:3 |   10778 |    3433 |  24.2 |      32 |       6 |  15.8
    Swamp:4 |   16061 |   14425 |  47.3 |      37 |      28 |  43.1
    Snake:1 |   13144 |    4590 |  25.9 |      22 |       2 |   8.3
    Snake:2 |   18387 |       0 |   0.0 |      35 |       0 |   0.0
    Snake:3 |   14729 |    4078 |  21.7 |      29 |       3 |   9.4
    Snake:4 |   17187 |   25157 |  59.4 |      32 |      42 |  56.8
      Orc:1 |    2350 |    3590 |  60.4 |      16 |      27 |  62.8
      Orc:2 |    2090 |    6484 |  75.6 |      33 |      22 |  40.0
   Vaults:1 |   31227 |   12325 |  28.3 |      67 |      23 |  25.6
   Vaults:2 |   19282 |   35938 |  65.1 |      38 |      49 |  56.3
   Vaults:3 |       0 |    6042 | 100.0 |       0 |       3 | 100.0
      IceCv |       0 |    5006 | 100.0 |       0 |      26 | 100.0
            +---------+---------+-------+---------+---------+-------
